 Dungeon Crawl Stone Soup version 0.17-b1-20-g63edfd6 (webtiles) character file.

284 tp1 the Magician (level 6, -3/32 HPs)
             Began as a Deep Elf Conjurer on Nov 3, 2015.
             Killed by divine providence
             ... invoked by an orc priest
              (10 damage)
             ... on level 3 of the Dungeon on Nov 4, 2015.
             The game lasted 00:22:01 (4450 turns).

tp1 the Magician (Deep Elf Conjurer)                Turns: 4450, Time: 00:22:01

Health: -3/32      AC:  4    Str:  5    XL:     6   Next: 7%
Magic:  6/17       EV: 13    Int: 22    God:
Gold:   141        SH:  0    Dex: 15    Spells: 4 memorised, 6 levels left

rFire  . . .     SeeInvis .     o - -1 rapier
rCold  . . .     Clarity  .     a - +0 robe
rNeg   . . .     SustAt   +     (no shield)
rPois  .         Gourm    .     (no helmet)
rElec  .         Spirit   .     (no cloak)
rCorr  .         Warding  .     (no gloves)
rMut   .         Stasis   .     l - +1 pair of boots
MR     .....                    (no amulet)
Stlth  ++........               (no ring)
                                j - ring of sustain attributes

@: not resistant to hostile enchantments, unstealthy
A: no striking features
a: no special abilities


You were on level 3 of the Dungeon.
You were not hungry.

You visited 1 branch of the dungeon, and saw 5 of its levels.

You collected 141 gold pieces.

Inventory:

Hand Weapons
 i - a +0 dagger
 n - a +0 spear
 o - a -1 rapier (weapon)
 s - a -3 quarterstaff
Armour
 a - a +0 robe (worn)
 l - a +1 pair of boots (worn)
Jewellery
 j - a ring of sustain attributes (left hand)
Wands
 t - a wand of draining (2)
Scrolls
 e - a scroll of teleportation
 h - a scroll of fear {unknown}
 k - a scroll of fog {unknown}
 v - a scroll of remove curse
Potions
 g - a potion of degeneration
 q - a potion of poison {unknown}
 r - a potion of brilliance {unknown}
Books
 b - a book of Conjurations

   Spells                             Type                      Level
   a - Magic Dart                     Conjuration                  1
   b - Searing Ray                    Conjuration                  2
   c - Dazzling Spray                 Conjuration/Hexes            3
   d - Fulminant Prism                Conjuration/Hexes            4
   e - Iskenderun's Mystic Blast      Conjuration                  4
   f - Iskenderun's Battlesphere      Conjuration/Charms           5
 u - a book of the Sky

   Spells                             Type                      Level
   a - Summon Lightning Spire         Summoning/Air                4
   b - Airstrike                      Air                          4
   c - Silence                        Hexes/Air                    5
   d - Deflect Missiles               Charms/Air                   6
   e - Conjure Ball Lightning         Conjuration/Air              6
   f - Tornado                        Air                          9
Comestibles
 c - 4 bread rations
 d - 3 meat rations
 f - 4 chunks of flesh
 m - a slice of pizza
 p - 2 beef jerkies


   Skills:
 - Level 2.4 Dodging
 - Level 2.4 Stealth
 - Level 6.3 Spellcasting
 - Level 5.4 Conjurations
 + Level 4.4 Charms


You had 6 spell levels left.
You knew the following spells:

 Your Spells              Type           Power        Failure   Level  Hunger
a - Magic Dart            Conj           ####         1%          1    None
b - Searing Ray           Conj           ####..       1%          2    None
c - Dazzling Spray        Conj/Hex       ###.....     12%         3    #......
d - Iskenderun's Battles  Conj/Chrm      ####....     34%         5    #####..


Dungeon Overview and Level Annotations

Branches:
Dungeon (5/15)
 Temple: D:4-7

Altars:
Ru

Annotations:
D:5 Prince Ribbit


Message History

Casting: Magic Dart
Confirm with . or Enter, or press ? or * to list all spells.
Aiming: Magic Dart
Press: ? - help, Shift-Dir - straight line, f/p - orc priest
Aim: an orc priest, wielding a flail and wearing a scale mail (heavily wounded)
The magic dart hits the orc priest.
The orc priest is severely wounded.
The orc priest invokes the aid of Beogh against you.
Pain shoots through your body! Something hits you.
* * * LOW HITPOINT WARNING * * *
Casting: Magic Dart
Confirm with . or Enter, or press ? or * to list all spells.
Aiming: Magic Dart
Press: ? - help, Shift-Dir - straight line, f/p - orc priest
Aim: an orc priest, wielding a flail and wearing a scale mail (severely wounded)
The magic dart hits the orc priest.
The orc priest is severely wounded.
The orc priest calls down the wrath of Beogh upon you.
Something smites you!
You die...

###### ### ##....#####..####
######### #...............>
#.......## #................
....=....######..o.............
...<.....##.....@†.............
........)...##......###.#..####
.........####..###### #.# ##
.................######.######
........................#....#
...................[......####
#.........##...........####
####.....##.............####
...#....##.[..###.....#....###.


You could see an orc priest.

Vanquished Creatures
  A giant frog (D:3)
  2 hounds
  6 adders
  6 worms
  2 giant geckos
  14 orcs
  8 giant cockroaches
  8 goblins
  3 hobgoblins (D:1)
  4 quokkas
  2 ball pythons (D:1)
  6 bats
  A giant gecko skeleton (D:4)
  5 giant newts
  3 jackals (D:1)
  7 kobolds
  7 rats
85 creatures vanquished.

Notes
Turn   | Place    | Note
--------------------------------------------------------------
     0 | D:1      | tp1 the Deep Elf Conjurer began the quest for the Orb.
     0 | D:1      | Reached XP level 1. HP: 10/10 MP: 6/6
   312 | D:1      | Upgraded the game from 0.17-b1-15-g0f5fb43 to 0.17-b1-20-g63edfd6
   355 | D:1      | Reached XP level 2. HP: 15/15 MP: 6/8
  1631 | D:2      | Learned a level 2 spell: Searing Ray
  1726 | D:2      | Reached XP level 3. HP: 19/19 MP: 9/11
  1731 | D:2      | Learned a level 3 spell: Dazzling Spray
  1768 | D:2      | Reached skill level 5 in Spellcasting
  2942 | D:3      | Reached skill level 6 in Spellcasting
  2942 | D:3      | Reached XP level 4. HP: 17/24 MP: 5/14
  3021 | D:3      | Noticed a giant frog
  3026 | D:3      | Killed a giant frog
  3026 | D:3      | Reached skill level 5 in Conjurations
  3026 | D:3      | Reached XP level 5. HP: 19/28 MP: 4/15
  3128 | D:3      | Learned a level 5 spell: Iskenderun's Battlesphere
  3178 | D:3      | Reached skill level 1 in Charms
  3724 | D:4      | Found a sacrificial altar of Ru.
  4003 | D:5      | Entered Level 5 of the Dungeon
  4006 | D:5      | Noticed Prince Ribbit
  4076 | D:5      | Reached XP level 6. HP: 19/32 MP: 12/17
  4450 | D:3      | Killed from afar by an orc priest

Action                   |  1- 3 |  4- 6 || total
-------------------------+-------+-------++-------
Melee: Dagger            |     3 |       ||     3
 Cast: Magic Dart        |    94 |   106 ||   200
       Searing Ray       |     1 |     4 ||     5
  Use: Scroll            |     5 |     2 ||     7
  Eat: Chunk             |     6 |     4 ||    10
